 Dungeon Crawl Stone Soup version 0.21.1-1-g345015f (webtiles) character file.

44 tidbits the Charmwright (level 3, 0/31 HPs)
             Began as a Gnoll Skald on Feb 11, 2018.
             Slain by an adder (2 damage)
             ... on level 2 of the Dungeon.
             The game lasted 00:03:28 (393 turns).

tidbits the Charmwright (Gnoll Skald)                Turns: 393, Time: 00:03:29

Health: 0/31       AC:  3    Str: 13    XL:     3   Next: 62%
Magic:  1/9        EV: 14    Int: 16    God:
Gold:   36         SH:  0    Dex: 14    Spells: 1/12 levels left

rFire    . . .     SeeInvis .   a - +0 hand axe
rCold    . . .     Gourm    .   (no shield)
rNeg     . . .     Faith    .   b - +0 leather armour
rPois    .         Spirit   .   (no helmet)
rElec    .         Reflect  .   (no cloak)
rCorr    .         Harm     .   (no gloves)
MR       .....                  (no boots)
Stlth    +.........             (no amulet)
HPRegen  0.10/turn              (no ring)
MPRegen  0.11/turn              (no ring)

@: lethally poisoned (0 -> -1), singing, hasted, very quick
A: distributed training, fangs 1, strong nose
a: no special abilities


You were on level 2 of the Dungeon.
You were full.

You visited 1 branch of the dungeon, and saw 3 of its levels.

You collected 36 gold pieces.

Inventory:

Hand Weapons
 a - a +0 hand axe (weapon)
 j - a +0 dagger
Missiles
 g - 18 stones (quivered)
 i - 15 arrows
Armour
 b - a +0 leather armour (worn)
Scrolls
 e - a scroll of identify {unknown}
 h - a scroll of fear {unknown}
Books
 c - a book of Battle

   Spells                             Type                      Level
   a - Infusion                       Charms                       1
   b - Shroud of Golubria             Charms/Translocation         2
   c - Song of Slaying                Charms                       2
   d - Spectral Weapon                Hexes/Charms                 3
   e - Regeneration                   Charms/Necromancy            3
Comestibles
 d - 5 rations


   Skills:
 + Level 4.5 Fighting
 + Level 0.8 Short Blades
 + Level 0.8 Long Blades
 + Level 4.5 Axes
 + Level 0.8 Maces & Flails
 + Level 0.8 Polearms
 + Level 0.8 Staves
 + Level 0.8 Slings
 + Level 0.8 Bows
 + Level 0.8 Crossbows
 + Level 0.8 Throwing
 + Level 2.6 Armour
 + Level 4.5 Dodging
 + Level 0.8 Stealth
 + Level 0.8 Shields
 + Level 0.8 Unarmed Combat
 + Level 5.0 Spellcasting
 + Level 0.5 Conjurations
 + Level 0.5 Hexes
 + Level 5.4 Charms
 + Level 0.5 Summonings
 + Level 0.5 Necromancy
 + Level 0.5 Translocations
 + Level 0.5 Transmutations
 + Level 0.5 Fire Magic
 + Level 0.5 Ice Magic
 + Level 0.5 Air Magic
 + Level 0.5 Earth Magic
 + Level 0.5 Poison Magic
 + Level 1.0 Invocations
 + Level 0.8 Evocations


You had one spell level left.
You knew the following spells:

 Your Spells              Type           Power        Failure   Level  Hunger
g - Shroud of Golubria    Chrm/Tloc      ##........   9%          2    #......
i - Infusion              Chrm           ###.         1%          1    None
r - Regeneration          Chrm/Necr      ##........   17%         3    ###....
w - Spectral Weapon       Hex/Chrm       ##......     17%         3    ###....
y - Song of Slaying       Chrm           ###.....     3%          2    #......


Dungeon Overview and Level Annotations

Branches:
Dungeon (3/15)

Altars:

Annotations:
D:3 pk666's ghost, amateur DEWz


Innate Abilities, Weirdness & Mutations

Your experience applies equally to all skills.
You have very sharp teeth.
Your uncanny sense of smell can sniff out nearby items.


Message History

You kill the kobold!
There is a stone staircase leading down, spattered with blood here.
Things that are here:
a club; a stone; an adder corpse Memorise Regeneration, consuming 3 spell levels and leaving 4?
You start memorising the spell.
You continue memorising. x3
You finish memorising.
Spell assigned to 'r'.
Memorise Spectral Weapon, consuming 3 spell levels and leaving 1?
You start memorising the spell.
You continue memorising. x3
You finish memorising.
Spell assigned to 'w'.
Your magical infusion is running out.
There is a stone staircase leading down, spattered with blood here.
Things that are here:
a club; a stone; an adder corpse You climb downwards.
You hear the sound of rushing water.
There is an entrance to a sewer on this level.
Hurry and find it before the portal rusts away!
Pk666's ghost (amateur Deep Elf Wizard) comes into view.
It is wielding a weapon of speed.
Pk666's ghost turns its malevolent gaze towards you.
You hear a shout!
Found a ration.
There is a stone staircase leading up here.
You are no longer magically infusing your attacks.
You climb upwards.
There is a stone staircase leading down, spattered with blood here.
Things that are here:
a stone; a club; an adder corpse Unknown command.
Okay, then.
Casting: Infusion
Confirm with . or Enter, or press ? or * to list all spells.
You miscast Spectral Weapon.
You are very lightly contaminated with residual magic.
Nothing appears to happen.
It was a potion of haste.
You feel yourself speed up. As you open the door, it creaks loudly!
You hear a shout!
You hear an angry hiss.
An adder and a goblin come into view.
The goblin shouts!
The adder hisses angrily.
There is an open door here.
Casting: Spectral Weapon
Confirm with . or Enter, or press ? or * to list all spells.
You start singing a song of slaying.
You hit the adder. You bite the adder, but do no damage.
The adder is moderately wounded.
The adder bites you.
You slash the goblin!
You kill the goblin!
You completely miss the adder. The adder bites you.
You are poisoned.
The adder poisons you!
Unknown command.
You miss the adder.
The adder is moderately wounded.
You feel sick. The adder closely misses you.
You hit the adder. Your bite misses the adder.
The adder is severely wounded.
The adder closely misses you.
You hit the adder.
You kill the adder!
Your Invocations skill increases to level 1!
You slash the adder! The adder bites you.
* * * LOW HITPOINT WARNING * * *
You hit the adder.
The adder is almost dead.
You feel sick. The adder bites you but does no damage.
You miss the adder.
The adder is almost dead.
The adder closely misses you.
You barely miss the adder. Your bite misses the adder.
The adder is almost dead.
You barely miss the adder.
The adder is almost dead.
The adder bites you but does no damage.
You barely miss the adder.
The adder is almost dead.
The adder barely misses you.
You miss the adder.
The adder is almost dead.
You feel sick. The adder misses you.
You barely miss the adder.
The adder is almost dead.
The adder misses you.
You miss the adder.
The adder is almost dead.
The adder barely misses you.
You closely miss the adder.
The adder is almost dead.
The adder bites you.
* * * LOW HITPOINT WARNING * * *
Your magical contamination has completely faded away.
You miss the adder.
The adder is almost dead.
The adder bites you.
* * * LOW HITPOINT WARNING * * *
You closely miss the adder.
The adder is almost dead.
* * * LOW HITPOINT WARNING * * *
You feel sick. The adder bites you.
You die...

# ## #.#.#..#
#.......... #
#.#.#..# ######.#.##
. #.#.#..# #####.#.#
#.#.#... ...#.# .
#.#.#.#######.#.####
#.#.#...............
∆
#.#'#########)#.####
#..S)...... #.#.#
#..@†...... #.#.# ##
#.......... #.#.# .#
#.#+####### #.#.# .#
#. #.#.. .# #.
########.### .# #.
.........## .+
#######...# .# ∆
#...##### .#
#........


You could see an adder.

Vanquished Creatures
  2 adders (D:2)
  A worm (D:2)
  A ball python (D:1)
  5 bats
  A giant cockroach (D:2)
  3 goblins (D:2)
  4 hobgoblins
  A jackal (D:2)
  2 kobolds (D:2)
  2 rats (D:1)
22 creatures vanquished.

Notes
Turn   | Place    | Note
-------+----------+-------------------------------------------
     0 | D:1      | tidbits the Gnoll Skald began the quest for the Orb.
     0 | D:1      | Reached XP level 1. HP: 20/20 MP: 6/6
   116 | D:2      | Reached XP level 2. HP: 26/26 MP: 3/7
   179 | D:1      | Learned a level 2 spell: Song of Slaying
   182 | D:1      | Learned a level 2 spell: Shroud of Golubria
   324 | D:2      | Reached skill level 5 in Spellcasting
   324 | D:2      | Reached XP level 3. HP: 23/31 MP: 0/9
   339 | D:2      | Learned a level 3 spell: Regeneration
   343 | D:2      | Learned a level 3 spell: Spectral Weapon
   348 | D:3      | Noticed pk666's ghost (amateur DEWz)
   382 | D:2      | Reached skill level 1 in Invocations
   392 | D:2      | HP: 3/31 [adder (5)]
   393 | D:2      | Slain by an adder

Skill      XL: |  1  2  3 |
---------------+----------+-----
Spellcasting   | 5 |  5.0
Invocations    | 1 |  1.0
Fighting       | |  4.5
Short Blades   | |  0.8
Long Blades    | |  0.8
Axes           | |  4.5
Maces & Flails | |  0.8
Polearms       | |  0.8
Staves         | |  0.8
Slings         | |  0.8
Bows           | |  0.8
Crossbows      | |  0.8
Throwing       | |  0.8
Armour         | |  2.6
Dodging        | |  4.5
Stealth        | |  0.8
Shields        | |  0.8
Unarmed Combat | |  0.8
Conjurations   | |  0.5
Hexes          | |  0.5
Charms         | |  5.4
Summonings     | |  0.5
Necromancy     | |  0.5
Translocations | |  0.5
Transmutations | |  0.5
Fire Magic     | |  0.5
Ice Magic      | |  0.5
Air Magic      | |  0.5
Earth Magic    | |  0.5
Poison Magic   | |  0.5
Evocations     | |  0.8

Action                   || total
-------------------------++-------
Melee: Hand axe          ||    60
       Bite              ||     3
 Cast: Infusion          ||     6
       Song of Slaying   ||     2
       Shroud of Golubri ||     1
  Use: Potion            ||     1
  Eat: Ration            ||     1
Armor: Leather armour    ||    12
Dodge: Dodged            ||    45

Table legend:
 A = Turns spent in this place as a percentage of turns spent in the entire game.
 B = Non-inter-level travel turns spent in this place as a percentage of non-inter-level travel turns spent in the entire game.
 C = Inter-level travel turns spent in this place as a percentage of turns spent in this place.
 D = Turns resting spent in this place as a percentage of non-inter-level travel turns spent in this place.
 E = Turns spent auto-exploring this place as a percentage of non-inter-level travel turns spent in this place.
 F = Non-inter-level travel turns spent in this place divided by the number of levels of this place that you've seen.
                   A       B       C       D       E      F
               +-------+-------+-------+-------+-------+----------------------
         Total | 100.0 | 100.0 |   0.0 |   0.0 |   0.0 | 131.0
       Dungeon | 100.0 | 100.0 |   0.0 |   0.0 |   0.0 | 131.0
               +-------+-------+-------+-------+-------+----------------------

Table legend:
 A = Kills in this place as a percentage of kills in entire the game.
 B = Kills by you in this place as a percentage of kills by you in the entire game.
 C = Kills by friends in this place as a percentage of kills by friends in the entire game.
 D = Other kills in this place as a percentage of other kills in the entire game.
 E = Experience gained in this place as a percentage of experience gained in the entire game.
 F = Experience gained in this place divided by the number of levels of this place that you have seen.
                   A       B       C       D       E      F
               +-------+-------+-------+-------+-------+----------------------
         Total | 100.0 | 100.0 |   N/A |   N/A | 100.0 |  21.3
       Dungeon | 100.0 | 100.0 |   N/A |   N/A | 100.0 |  21.3
               +-------+-------+-------+-------+-------+----------------------

Vault maps used:
D:1:      zelgadis_glass_arrival_small
D:2:      grunt_dithmenos_smoke
D:3:      portal_sewer_entry_d, first_ration, uniq_sigmund
